 Dungeon Crawl Stone Soup version 0.27-b1-23-g44b8eac545 (webtiles) character file.

Game seed: 10539755074342586366

1825 Urokeeper the Carver (level 8, -3/71 HPs)
             Began as a Minotaur Chaos Knight on July 27, 2021.
             Was a Plaything of Xom.
             Slain by a vampire mosquito (4 damage)
             ... on level 6 of the Dungeon on July 28, 2021.
             The game lasted 00:19:16 (3276 turns).

Urokeeper the Carver (Minotaur Chaos Knight)        Turns: 3276, Time: 00:19:18

Health: -3/71      AC:  5    Str: 19    XL:     8   Next: 86%
Magic:  7/7        EV: 16    Int:  9    God:    Xom [..*...]
Gold:   179        SH:  0    Dex: 10    Spells: 7/7 levels left

rFire    . . .     SeeInvis .   a - +0 falchion (chaos)
rCold    . . .     Faith    .   (no shield)
rNeg     . . .     Spirit   .   b - +2 leather armour
rPois    .         Reflect  .   (helmet restricted)
rElec    .         Harm     .   (no cloak)
rCorr    .         Rampage  .   (no gloves)
Will     +....                  (no boots)
Stlth    ++........             l - amulet of regeneration
HPRegen  1.21/turn              d - ring of willpower
MPRegen  0.10/turn              s - +4 ring of evasion

@: attractive, very slightly contaminated, invisible (expiring)
A: horns 2, retaliatory headbutt, screaming 1
a: Renounce Religion


You were on level 6 of the Dungeon.
You worshipped Xom.
You were a toy of Xom.
You visited 2 branches of the dungeon, and saw 7 of its levels.

You collected 179 gold pieces.

Inventory:

Hand Weapons
 a - a +0 falchion of chaos (weapon)
 v - a +2 dagger of venom
Missiles
 e - 8 curare-tipped darts (quivered)
 m - 69 stones
 p - 16 poisoned darts
Armour
 b - a +2 leather armour (worn)
Jewellery
 d - a ring of willpower (left hand)
 l - an amulet of regeneration (around neck)
 s - a +4 ring of evasion (right hand)
Wands
 n - a wand of iceblast (9)
 q - a wand of flame (29)
 r - a wand of paralysis (14)
Scrolls
 c - a scroll of identify {unknown}
 f - a scroll of noise {unknown}
 g - a scroll of blinking
 j - 2 scrolls of teleportation
 t - a scroll of amnesia {unknown}
 u - a scroll of immolation {unknown}
Potions
 h - a potion of flight {unknown}
 i - a potion of attraction
 k - a potion of brilliance {unknown}
 o - a potion of degeneration {unknown}


   Skills:
 + Level 6.8 Fighting
 + Level 10.2 Long Blades
 + Level 5.3 Armour
 + Level 4.4 Dodging
 + Level 2.7 Stealth


You had 7 spell levels left.
You didn't know any spells.
Your spell library contained the following spells:

 Spells                   Type           Power      Damage    Failure   Level
 Slow                     Hex            0%         N/A       56%         2
 Confusing Touch          Hex            0%         N/A       80%         3
 Stone Arrow              Conj/Erth      0%         3d7       80%         3
 Vampiric Draining        Necr           0%         2d6       80%         3
 Animate Armour           Summ/Erth      0%         N/A       99%         4
 Lehudib's Crystal Spear  Conj/Erth      0%         10d2      100%        8


Dungeon Overview and Level Annotations

Branches:
Dungeon (6/15)             Temple (1/1) D:6

Altars:
Ashenzari
Cheibriados
Gozag
Hepliaklqana
Kikubaaqudgha
Makhleb
Nemelex Xobeh
Okawaru
Qazlal
Sif Muna
Trog
Uskayaw
Vehumet
The Shining One

Annotations:
D:6 3 runed translucent doors, Gorgoleon's ghost, novice SpEn


Innate Abilities, Weirdness & Mutations

You have a pair of horns on your head.
You reflexively headbutt those who attack you in melee.
You occasionally shout uncontrollably at your foes.


Message History

Something draws strength from your injuries!
Something bites you.
Something draws strength from your injuries!
The water moccasin zombie completely misses you.
You furiously retaliate!
You headbutt the water moccasin zombie! Something bites you!
* * * LOW HITPOINT WARNING * * *
Something draws strength from your injuries!
Okay, then.
Okay, then.
Aiming: Throw Flame
Press: ? - help, Shift-Dir - straight line, f - water moccasin zombie
Aim: a water moccasin zombie (moderately damaged, 68% to hit)
The puff of flame hits the water moccasin zombie.
The water moccasin zombie is moderately damaged.
Something barely misses you. Something bites you.
* * * LOW HITPOINT WARNING * * *
Something draws strength from your injuries!
The water moccasin zombie completely misses you.
You furiously retaliate!
You headbutt the water moccasin zombie. You hit the water moccasin zombie.
The water moccasin zombie seems to grow stronger.
You headbutt the water moccasin zombie.
The water moccasin zombie is heavily damaged.
Something bites you!
* * * LOW HITPOINT WARNING * * *
Something draws strength from your injuries!
The water moccasin zombie bites you.
* * * LOW HITPOINT WARNING * * *
Something bites you.
* * * LOW HITPOINT WARNING * * *
Something draws strength from your injuries!
It was a potion of attraction.
You feel attractive to monsters.
You flicker for a moment.
Something bites you.
* * * LOW HITPOINT WARNING * * *
Something draws strength from your injuries!
The water moccasin zombie closely misses you.
Something bites you.
You die...

#...##..........#
#.#†##........###
#...##..#....##
#.#.##..##.###
#...##.# #.###
#...# #.#?# ∆
#@..# +Z#.# #...#
#.#?# #...# #.###
#.. #.# #..


You could see a water moccasin zombie (strong).

Vanquished Creatures
  A wyvern (D:6)
  A steam dragon (D:6)
  2 water moccasins (D:6)
  2 sky beasts (D:6)
  2 necrophages
  A centaur (D:6)
  A bullfrog (D:6)
  3 scorpions
  2 bullfrog zombies
  3 hounds
  A jelly (D:5)
  An orc priest (D:3)
  An iguana (D:6)
  Ijyb (D:3)
  Natasha (twice) (D:3)
  9 orc wizards
  A hound zombie (D:5)
  4 adders
  A white imp (D:6)
  An ufetubus (D:5)
  A worm (D:3)
  A dart slug (D:2)
  7 orcs
  6 endoplasms
  9 goblins
  7 hobgoblins
  4 jackals (D:2)
  3 quokkas
  3 ball pythons
  4 bats
  6 frilled lizards
  3 kobolds
  2 rats (D:1)
  A spectral goblin (D:1)
97 creatures vanquished.

Vanquished Creatures (others)
  4 fungi (D:6)
4 creatures vanquished.

Grand Total: 101 creatures vanquished

Notes
Turn   | Place    | Note
-------+----------+-------------------------------------------
     0 | D:1      | Urokeeper the Minotaur Chaos Knight began the quest for the
                  | Orb.
     0 | D:1      | Reached XP level 1. HP: 19/19 MP: 0/0
    65 | D:1      | XOM: silly message
   115 | D:1      | XOM: noise
   127 | D:1      | Reached skill level 4 in Long Blades
   166 | D:1      | Reached XP level 2. HP: 27/27 MP: 1/1
   301 | D:1      | Found a faded altar of an unknown god.
   622 | D:2      | XOM: divination: detect items
   673 | D:2      | Reached XP level 3. HP: 32/33 MP: 2/2
  1143 | D:3      | Found a stormy altar of Qazlal.
  1143 | D:3      | Found a burning altar of Makhleb.
  1150 | D:3      | Found a radiant altar of Vehumet.
  1162 | D:3      | Found a sparkling altar of Nemelex Xobeh.
  1163 | D:3      | Found a hide-covered altar of Uskayaw.
  1170 | D:3      | XOM: god gift: 22 stones
  1208 | D:3      | Reached skill level 5 in Long Blades
  1208 | D:3      | Reached XP level 4. HP: 40/41 MP: 3/3
  1256 | D:3      | Noticed a scorpion
  1262 | D:3      | Killed a scorpion
  1305 | D:3      | Noticed Ijyb
  1310 | D:3      | Killed Ijyb
  1311 | D:3      | Reached XP level 5. HP: 44/47 MP: 4/4
  1367 | D:3      | Noticed Natasha
  1374 | D:3      | Killed Natasha
  1375 | D:3      | Reached skill level 6 in Long Blades
  1469 | D:3      | Noticed Natasha
  1476 | D:3      | Killed Natasha
  1583 | D:3      | Reached XP level 6. HP: 55/55 MP: 5/5
  1805 | D:4      | You fall into a shaft and drop 1 floor!
  1805 | D:5      | Entered Level 5 of the Dungeon
  1885 | D:5      | Reached skill level 5 in Fighting
  1885 | D:5      | Reached skill level 7 in Long Blades
  2002 | D:5      | XOM: cleaving
  2008 | D:5      | Reached XP level 7. HP: 61/61 MP: 6/6
  2210 | D:5      | XOM: give mutation
  2210 | D:5      | Gained mutation: You occasionally shout uncontrollably at
                  | your foes. [Xom's mischief]
  2230 | D:5      | XOM: silly message
  2659 | D:5      | XOM: silly message
  2720 | D:6      | XOM: silly message
  2728 | D:6      | Reached skill level 8 in Long Blades
  2787 | D:6      | Reached skill level 1 in Stealth
  2788 | D:6      | Found an opulent altar of Gozag.
  2812 | D:6      | Found a runed translucent gate.
  2812 | D:6      | Found a runed translucent gate.
  2812 | D:6      | Found a runed translucent gate.
  2812 | D:6      | Noticed Gorgoleon's ghost (novice SpEn)
  2866 | D:6      | XOM: potion effect (curing)
  2876 | D:6      | XOM: silly message
  2888 | D:6      | XOM: divination: detect items
  2967 | D:6      | Found a staircase to the Ecumenical Temple.
  2984 | D:6      | Reached XP level 8. HP: 70/70 MP: 7/7
  2987 | Temple   | Entered the Ecumenical Temple
  3058 | D:6      | Reached skill level 9 in Long Blades
  3104 | D:6      | XOM: potion effect (might)
  3129 | D:6      | XOM: silly message
  3171 | D:6      | Reached skill level 5 in Armour
  3172 | D:6      | XOM: potion effect (invisibility)
  3207 | D:6      | Reached skill level 10 in Long Blades
  3276 | D:6      | HP: 1/71 [something (6)]
  3276 | D:6      | Slain by a vampire mosquito

Illustrated notes

Levels and vault maps discovered:
D:1:      ebering_trefoil_3fold, layout_basic,
          dreamdust_ecumenical_altar_drowned_temple
D:2:      layout_rooms, minmay_misc_feat_columns
D:3:      layout_basic, grunt_temple_overflow_open, minmay_misc_feat_square,
          chequers_serial_rivers_micro_d, uniq_natasha, uniq_ijyb
D:4:      layout_loops_ring, uniq_edmund, uniq_eustachio, uniq_blork_the_orc
D:5:      layout_basic, minmay_fountain_box
D:6:      minmay_flawed_box, layout_loops_ring, mainiacjoe_overflow_boulevard,
          minmay_temple_entry_antechambers, gammafunk_ghost_nasty_kobolds,
          hangedman_minor_gate_pass
Temple:   eino_narrow_crystal_temple

Skill      XL: |  1  2  3  4  5  6  7  8 |
---------------+-------------------------+-----
Long Blades    | 4 5 6 7 8 10 | 10.2
Fighting       | 4 5 6 |  6.8
Armour         | 3 4 5 |  5.3
Dodging        | 2 3 4 |  4.4
Stealth        | 1 2 |  2.7

Action                   |  1- 3 |  4- 6 |  7- 9 || total
-------------------------+-------+-------+-------++-------
Melee: Falchion          |    83 |    85 |   124 ||   292
       Headbutt          |    10 |    16 |    20 ||    46
Evoke: Wand              |       |       |     1 ||     1
  Use: Scroll            |       |     1 |     1 ||     2
       Potion            |       |       |     1 ||     1
 Stab: Sleeping          |       |     1 |     2 ||     3
       Invisible         |       |       |     5 ||     5
       Confused          |       |       |     1 ||     1
Armor: Leather armour    |    31 |    21 |    21 ||    73
Dodge: Dodged            |    58 |    45 |    80 ||   183
       Rpst.: Falchion   |    19 |    12 |    18 ||    49
